[Event "Live Chess"]
[Site "Chess.com"]
[Date "2023.05.21"]
[Round "-"]
[White "ElectricFalcon"]
[Black "domrobson"]
[Result "0-1"]
[WhiteElo "1080"]
[BlackElo "1712"]
[TimeControl "300"]
[EndTime "4:24:47 PDT"]
[Termination "domrobson won by checkmate"]

1. d4 Nf6 2. Nf3 d5 3. Nc3 e6 4.
Bg5 c6 5. e3 Nbd7 6. Be2 Be7 7.
O-O O-O 8. Bd3 Qc7 9. Bxf6 Bxf6 10. e4 dxe4 11. Nxe4 Be7 12. Nfd2 Bf6 13. Qg4 Bxd4 14. Qh3 f5 15. Nc3 Nf6 16. Nf3 Bb6 17. Ng5 h6 18. Nf3 f4 19. Ne4 e5 20. Qh4 Nxe4 21.
Bxe4 Bf5 22. Bxf5 Rxf5 23. Qg4 Raf8 24. Nh4 Rg5 25. Qe6+ Kh7 26. Rad1 Rf6 27. Qe8 Qf7 28. Qxf7 Rxf7 29. Nf3 Rgf5 30. b3 e4 31. Nd4 Rd5 32.
Ne6 e3 33. Rxd5 exf2+ 34. Kh1 cxd5 35. c3 Re7 36. Nd4 Re1 37. h3 Rxf1+ 38. Kh2 Rc1 39. Ne2 Rc2 40. Nxf4 f1=Q 41. Nxd5 Qxg2# 0-1

[Event "Live Chess"]
[Site "Chess.com"]
[Date "2023.05.21"]
[Round "-"]
[White "Ferrarifan27"]
[Black "Driftboard"]
[Result "1-0"]
[WhiteElo "2076"]
[BlackElo "885"]
[TimeControl "300"]
[EndTime "4:25:32 PDT"]
[Termination "Ferrarifan27 won by checkmate"]

1. e4 e5 2. Nf3 Nc6 3. Bb5 Nf6 4. O-O a6 5. Bxc6 bxc6 6. Nxe5 d6 7. Nxc6 Qd7 8. Nd4 c5 9. Nf3 d5 10. exd5 Qxd5 11.
Nc3 Qd8 12. d3 Bd6 13. Re1+ Be7 14. Qe2 O-O 15. Qxe7 Qxe7 16. Rxe7 Re8 17. Rxe8+ Nxe8 18. Ne4 Bg4 19. Nxc5 Bxf3 20. gxf3 Nd6 21. Bf4 Nf5 22. c3 Nh4 23. d4 Nxf3+ 24. Kg2 Nh4+ 25. Kh3 Ng6 26.
Bg3 a5 27. Re1 h6 28. a4 Kf8 29. b3 Re8 30. Bd6+ Ne7 31. Nd7+ Kg8 32. Rxe7 Rxe7 33.
Bxe7 Kh7 34. Bd8 Kg6 35. Bxa5 Kf5 36. Bb4 Ke6 37. Nc5+ Kd6 38. a5 Kc6 39. a6 Kb5 40. a7 Kb6 41. a8=Q Kb5 42. Qb7# 1-0

[Event "Live Chess"]
[Site "Chess.com"]
[Date "2023.05.21"]
[Round "-"]
[White "TheSmoulderingMaster"]
[Black "Nakula1000"]
[Result "0-1"]
[WhiteElo "1627"]
[BlackElo "611"]
[TimeControl "300"]
[EndTime "4:25:32 PDT"]
[Termination "Nakula1000 won by resignation"]

1. e4 e5 2. Nf3 Nc6 3. Bb5 a6 4. Ba4 h5 5. O-O Nf6 6. c3 Nxe4 7. d4 b5 8. Bb3 d5 9. Re1 exd4 10. Nxd4 Nxd4 11.
Qxd4 Be6 12. f3 Bc5 13. Rxe4 Bxd4+ 14. Rxd4 c5 15. Rf4 g5 0-1

[Event "Live Chess"]
[Site "Chess.com"]
[Date "2023.05.21"]
[Round "-"]
[White "lord_cll"]
[Black "Sweet-O"]
[Result "1/2-1/2"]
[WhiteElo "1196"]
[BlackElo "1423"]
[TimeControl "300"]
[EndTime "4:25:34 PDT"]
[Termination "Game drawn by repetition"]

1. e4 e5 2. Nf3 Nf6 3. Nxe5 Nc6 4. Nxc6 dxc6 5. e5 Ng4 6. d4 c5 7. c3 cxd4 8. cxd4 c5 9. Be2 h5 10. h3 Nh6 11. Be3 Nf5 12. Nc3 Nxe3 13. fxe3 Qh4+ 14. Kd2 Bf5 15. Bb5+ Ke7 16. Nd5+ Kd8 17. Qb3 Qf2+ 18. Kc3 cxd4+ 19. Kxd4 Qd2+ 20. Bd3 Qxd3+ 21. Qxd3 Bxd3 22. Kxd3 Rc8 23. Rac1 Rxc1 24. Rxc1 Be7 25. Nxe7 Kxe7 26. Rc7+ Ke6 27. Rxb7 Rd8+ 28. Ke4 f6 29. Rxg7 fxe5 30. Rxa7 Rd2 31. g4 hxg4 32. hxg4 Rg2 33. Ra6+ Ke7 34. Kf3 Rxb2 35. g5 Rb8 36. Ra5 Ke6 37. Ke4 Rg8 38. Rxe5+ Kd6 39. Rf5 Ra8 40. g6 Rxa2 41.
g7 Rg2 42. Rf7 Ke6 43. Ra7 Rg4+ 44. Kf3 Rg6 45. Ra6+ Kf7 46. Rxg6 Kxg6 47. g8=Q+ Kf6 48. Qh8+ Ke7 49. Kf4 Kd6 50. Qh5 Kc6 51. Ke4 Kd7 52. Kd4 Ke6 53. Ke4 Kd6 54. Kd4 Ke6 55. Kc4 Kf6 56. Kd4 Ke6 1/2-1/2

[Event "Live Chess"]
[Site "Chess.com"]
[Date "2023.05.21"]
[Round "-"]
[White "KeithArkell"]
[Black "MarkLim1"]
[Result "1-0"]
[WhiteElo "2503"]
[BlackElo "1697"]
[TimeControl "300"]
[EndTime "4:25:34 PDT"]
[Termination "KeithArkell won by resignation"]

1. d4 Nf6 2. Nf3 e6 3. c4 d5 4. cxd5 exd5 5. Nc3 c6 6. Qc2 g6 7. Bg5 Be7 8. e3 Be6 9. Bxf6 Bxf6 10. b4 a6 11. a4 Nd7 12. Be2 O-O 13. O-O Be7 14.
Rab1 Bd6 15. h3 Qe7 16. b5 axb5 17. axb5 c5 18. dxc5 Bxc5 19. Qd2 Nf6 20. Nd4 Bxd4 21. Qxd4 Rfc8 22. Rfc1 Ra3 23. Bf3 Qd7 24. Qxf6 1-0

[Event "Live Chess"]
[Site "Chess.com"]
[Date "2023.05.21"]
[Round "-"]
[White "SupremeTactician"]
[Black "JanMur7"]
[Result "1/2-1/2"]
[WhiteElo "2225"]
[BlackElo "1989"]
[TimeControl "300"]
[EndTime "4:25:42 PDT"]
[Termination "Game drawn by agreement"]

1. e4 e5 2. Nf3 Nc6 3. Nc3 Nf6 4. Bb5 Nd4 5. Bc4 d6 6. h3 Be6 7. Bxe6 Nxe6 8. O-O g6 9. d4 exd4 10. Nxd4 Nxd4 11.
Qxd4 Bg7 12. Bg5 O-O 13. Rad1 h6 14. Bxf6 Qxf6 15. Qxf6 Bxf6 16. Nd5 Bxb2 17. Rb1 Bg7 18. Rxb7 c6 19. Ne7+ Kh7 20. Nxc6 Rfc8 21. Nxa7 Rxc2 22.
Rxf7 Rxa2 23. Nb5 Rf8 24. Nxd6 Rxf7 25. Nxf7 Re2 26. Nd6 Be5 27. Nc4 Rxe4 28. Nxe5 Rxe5 29. g3 h5 30. Kg2 Re7 31. Rd1 Kg7 32. Rd6 Rf7 33. Re6 Ra7 34. Rc6 Rf7 35. f4 Ra7 36. Rc3 Ra2+ 37. Kf3 Ra7 38. g4 hxg4+ 39. hxg4 Rf7 40.
g5 Ra7 41. Kg4 Rb7 42. Rc4 Ra7 43. f5 gxf5+ 44. Kxf5 Ra6 45. Rc7+ Kg8 46. g6 Ra1 47. Rc8+ Kg7 48. Rc7+ Kg8 49. Kf6 Rf1+ 50. Ke7 Re1+ 51. Kd8 Rg1 52. g7 1/2-1/2

[Event "Live Chess"]
[Site "Chess.com"]
[Date "2023.05.21"]
[Round "-"]
[White "Twickenham2014"]
[Black "JoRoSaR"]
[Result "1-0"]
[WhiteElo "2282"]
[BlackElo "1701"]
[TimeControl "300"]
[EndTime "4:25:46 PDT"]
[Termination "Twickenham2014 won by checkmate"]

1. e4 c5 2. Bc4 Nc6 3. Nc3 d6 4. f3 e6 5. Nge2 a6 6. a3 b5 7.
Ba2 Be7 8. d4 cxd4 9. Nxd4 Bb7 10. Be3 Nf6 11. Qd2 O-O 12. O-O-O e5 13. Nxc6 Bxc6 14.
g4 Qc7 15. g5 Nd7 16. h4 Rfd8 17. h5 Nb6 18. g6 hxg6 19. hxg6 Nc4 20. Rh8+ Kxh8 21.
Qh2+ Kg8 22. Qh7+ Kf8 23. Qh8# 1-0

[Event "Live Chess"]
[Site "Chess.com"]
[Date "2023.05.21"]
[Round "-"]
[White "WelshTiger"]
[Black "PiotrD11"]
[Result "1-0"]
[WhiteElo "2311"]
[BlackElo "1370"]
[TimeControl "300"]
[EndTime "4:25:50 PDT"]
[Termination "WelshTiger won by resignation"]

1. e4 d5 2. exd5 Nf6 3. Bb5+ Bd7 4. Bc4 c6 5. dxc6 Nxc6 6. Nf3 e6 7. d3 Bd6 8. Nc3 O-O 9. Ne4 Nxe4 10. dxe4 Bc7 11. O-O Ne5 12. Nxe5 Bxe5 13. c3 a6 14. Bb3 Qc7 15.
g3 Rad8 16. Qe2 Bb5 17. c4 Bc6 18. Bg5 Rd4 19. f3 h6 20. Be3 Rdd8 21. Rad1 Bf6 22. Qf2 Rxd1 23. Rxd1 Rd8 24. Bd4 Bxd4 25. Rxd4 e5 26. Rd2 Qa5 27. Rxd8+ Qxd8 28. Qe3 f6 29. c5+ Kh8 30. Kg2 a5 31. Bc2 Qe7 32. a3 a4 33.
h4 Qe6 34. Qd3 Qe7 35. Qc4 Kh7 36. Bb1 Kg6 37. Ba2 Be8 38. Qe6 Qxe6 39. Bxe6 Bc6 40. g4 Kh7 41. h5 g6 42. hxg6+ Kxg6 43. Bd5 Kg5 44. Kg3 h5 45. gxh5 Kxh5 46. Kf2 Kh4 47.
Ke3 Kg3 48. Bc4 Kh4 49. f4 exf4+ 50. Kxf4 Kh5 51. e5 fxe5+ 52. Kxe5 Kg5 53. Bd5 Kg6 54. Bxc6 bxc6 55. Kd6 Kf6 56. Kxc6 Ke6 57. Kb7 Kd7 58. c6+ Kd8 59. c7+ 1-0

[Event "Live Chess"]
[Site "Chess.com"]
[Date "2023.05.21"]
[Round "-"]
[White "EdenHazard8"]
[Black "LiamClery2020"]
[Result "1-0"]
[WhiteElo "1953"]
[BlackElo "2001"]
[TimeControl "300"]
[EndTime "4:25:51 PDT"]
[Termination "EdenHazard8 won by resignation"]

1. e4 Nf6 2. e5 Nd5 3. d4 d6 4.
exd6 cxd6 5. Nf3 g6 6. c3 Bg7 7. Bd3 Nc6 8. O-O O-O 9. Nbd2 Bg4 10. Qb3 Nb6 11. a4 Na5 12. Qb5 Nc6 13. a5 Nd7 14. Qxb7 Qc8 15. Qxc8 Raxc8 16. b4 e5 17. Ne4 Bxf3 18.
gxf3 exd4 19. Nxd6 Rcd8 20. b5 Nce5 21. Be4 dxc3 22. Ba3 Nf6 23. Nb7 Nxe4 24. fxe4 Rd4 25. Bxf8 Bxf8 26. b6 a6 27. Rfd1 Rxe4 28. Nd6 Rg4+ 29.
Kh1 c2 30. Rdc1 Bxd6 31. Rxc2 Nf3 32. b7 Rb4 33. Rd1 Nd4 34. Rc8+ Kg7 35. Rd8 Nf5 36. R1xd6 Rxb7 37. Rxa6 Nh4 38. Rb6 Rc7 39. Rd1 Ra7 40. a6 Nf5 41. Rc1 Nh4 42. Rcc6 Rd7 43. Rb1 Kh6 44.
Ra1 Ra7 45. Rb6 Kg5 46. Rb7 Ra8 47. a7 1-0

[Event "Live Chess"]
[Site "Chess.com"]
[Date "2023.05.21"]
[Round "-"]
[White "McSlash1"]
[Black "GEMdzq"]
[Result "0-1"]
[WhiteElo "2010"]
[BlackElo "2278"]
[TimeControl "300"]
[EndTime "4:25:58 PDT"]
[Termination "GEMdzq won by resignation"]

1. e4 d6 2. d4 Nf6 3. Bd3 g6 4. f4 Bg7 5. e5 dxe5 6. fxe5 Nd5 7. c3 c5 8. Nf3 Nc6 9. O-O cxd4 10. cxd4 O-O 11. Bg5 Qb6 12. Nc3 Be6 13. Be4 Rad8 14.
Rb1 h6 15. Bh4 Nxe5 16. Bxd5 Bxd5 17. Nxe5 Bxe5 18. Bf2 Bg7 19. Nxd5 Rxd5 20. Qd2 Rfd8 21. Rbe1 e5 22. Bh4 g5 23. Bg3 Rxd4 24. Qf2 Rd2 25.
Qxb6 axb6 26. Bxe5 Bxe5 27. Rxe5 R8d7 28. Rb5 Kg7 29.
Rxb6 Rc2 30. Rf2 Rd1+ 31. Rf1 Rdd2 32. Re1 Rxg2+ 33. Kh1 Rxh2+ 34. Kg1 Rhg2+ 35. Kf1 Rh2 36. Kg1 Rxb2 37. Rd6 Rhd2 0-1

[Event "Live Chess"]
[Site "Chess.com"]
[Date "2023.05.21"]
[Round "-"]
[White "CheckThis4"]
[Black "Tilbs_12"]
[Result "1-0"]
[WhiteElo "2506"]
[BlackElo "1582"]
[TimeControl "300"]
[EndTime "4:26:00 PDT"]
[Termination "CheckThis4 won by resignation"]

1. d4 d5 2. c4 c6 3. Nf3 Nf6 4. e3 Bg4 5. h3 Bh5 6. g4 Bg6 7.
Ne5 e6 8. h4 Bxb1 9. Rxb1 Nbd7 10. Nxd7 Qxd7 11. c5 e5 12. g5 Ng8 13. Bh3 Qc7 14.
b4 f6 15. dxe5 fxe5 16. e4 d4 17. O-O Ne7 18. f4 Rd8 19. f5 Qd7 20. Qf3 Qc7 21. f6 Ng6 22. h5 Nf4 23. Bxf4 exf4 24. e5 gxf6 25. exf6 Kf7 26. Rbe1 Re8 27. Qb3+ 1-0

[Event "Live Chess"]
[Site "Chess.com"]
[Date "2023.05.21"]
[Round "-"]
[White "JoeRoot66"]
[Black "JoshMcK"]
[Result "0-1"]
[WhiteElo "1906"]
[BlackElo "1532"]
[TimeControl "300"]
[EndTime "4:26:06 PDT"]
[Termination "JoshMcK won by checkmate"]

1. e4 c6 2. Nf3 d5 3. Nc3 Bg4 4. Be2 Bxf3 5. Bxf3 e6 6. exd5 cxd5 7. d4 Nc6 8. O-O Nge7 9. Re1 Nf5 10. Bxd5 Ncxd4 11. Bxb7 Rb8 12. Be4 Bb4 13. Be3 O-O 14. a3 Bxc3 15. bxc3 Nxe3 16. Qxd4 Nd5 17. Rad1 Qc7 18.
Bxd5 exd5 19. Re3 Rbd8 20. Rg3 g6 21. Rdd3 Rfe8 22. Rh3 Re1# 0-1

[Event "Live Chess"]
[Site "Chess.com"]
[Date "2023.05.21"]
[Round "-"]
[White "Greenbecker"]
[Black "Sir_Sigmund"]
[Result "1-0"]
[WhiteElo "1689"]
[BlackElo "1917"]
[TimeControl "300"]
[EndTime "4:26:16 PDT"]
[Termination "Greenbecker won by resignation"]

1. e4 e5 2. Nf3 Nf6 3. Nc3 Bc5 4. d3 d6 5. Be3 Bxe3 6. fxe3 h6 7. Be2 Be6 8. O-O Nbd7 9. d4 a6 10. d5 Bg4 11. h3 Bxf3 12. Bxf3 Qe7 13. Qe2 g5 14. Qc4 Nb6 15. Qb3 Nfd7 16. Na4 O-O 17. Nxb6 Nxb6 18. a4 a5 19. Rf2 f6 20. Bg4 Kg7 21. Raf1 Qe8 22. Be6 Qxa4 23. Qd3 Qc4 24. Qd1 Qxe4 25. Qh5 Qg6 26. Qe2 Qe8 27. Bg4 Na4 28. Bh5 Qd7 29.
Qd3 f5 30. Rxf5 Rxf5 31. Rxf5 Nc5 32. Qf1 Kh8 33. Rf7 Qc8 34. Qf6+ 1-0

[Event "Live Chess"]
[Site "Chess.com"]
[Date "2023.05.21"]
[Round "-"]
[White "gmnorfolk"]
[Black "booktrunk"]
[Result "1-0"]
[WhiteElo "2108"]
[BlackElo "1282"]
[TimeControl "300"]
[EndTime "4:26:21 PDT"]
[Termination "gmnorfolk won by checkmate"]

1. d4 d5 2. c4 dxc4 3. e4 e6 4.
Bxc4 Bb4+ 5. Nc3 Nc6 6. Nf3 Nf6 7. e5 Ne4 8. Qc2 Nxc3 9. bxc3 Ba5 10. O-O Bd7 11. Ng5 g6 12. Ne4 h6 13. Nf6+ Kf8 14.
Bd3 Bb6 15. Bxg6 fxg6 16. Qxg6 h5 17. Bh6+ Rxh6 18. Qxh6+ Kf7 19. Qh7+ Kf8 20. Qg8+ Ke7 21. Qg7# 1-0

[Event "Live Chess"]
[Site "Chess.com"]
[Date "2023.05.21"]
[Round "-"]
[White "friarnator"]
[Black "jumush"]
[Result "1-0"]
[WhiteElo "2007"]
[BlackElo "1781"]
[TimeControl "300"]
[EndTime "4:26:24 PDT"]
[Termination "friarnator won by resignation"]

1. d4 d5 2. Nc3 Nf6 3. Bf4 c6 4. e3 Bf5 5. Nf3 e6 6. Ne5 Bd6 7. g4 Be4 8. f3 Bg6 9. h4 h5 10. g5 Bxe5 11. Bxe5 Nfd7 12. Bxg7 Rg8 13. Be5 c5 14. Nb5 Nxe5 15. dxe5 Qd7 16. Nd6+ Kf8 17.
Bd3 Nc6 18. Bxg6 Rxg6 19. f4 Ke7 20. Qxh5 Rag8 21. Qe2 a6 22. h5 R6g7 23. h6 Rg6 24. O-O-O Rh8 25. c3 Rh7 26. Qg4 Kd8 27. f5 exf5 28.
Nxf5 Nxe5 29. Qf4 Qe6 30. e4 Kc7 31. Rxd5 Kb8 32. Rxe5 1-0

[Event "Live Chess"]
[Site "Chess.com"]
[Date "2023.05.21"]
[Round "-"]
[White "Conradical12"]
[Black "chrisbradgate"]
[Result "1-0"]
[WhiteElo "1568"]
[BlackElo "870"]
[TimeControl "300"]
[EndTime "4:26:27 PDT"]
[Termination "Conradical12 won by checkmate"]

1. e4 e5 2. Nf3 Nc6 3. Bc4 h6 4.
O-O Bc5 5. d4 exd4 6. Bf4 d6 7.
c3 dxc3 8. Nxc3 Bg4 9. h3 Bxf3 10.
Qxf3 Qe7 11. Nd5 Qd7 12. Rad1 O-O-O 13. e5 Nge7 14. b4 Nxd5 15. bxc5 g5 16. Bxd5 gxf4 17. Qxf4 dxe5 18. Qc4 Qf5 19. Bxc6 bxc6 20. Qa6+ Kb8 21. Rb1+ Ka8 22. Qb7# 1-0

[Event "Live Chess"]
[Site "Chess.com"]
[Date "2023.05.21"]
[Round "-"]
[White "LL220284LL"]
[Black "f4nomore"]
[Result "1-0"]
[WhiteElo "2327"]
[BlackElo "1386"]
[TimeControl "300"]
[EndTime "4:26:30 PDT"]
[Termination "LL220284LL won by resignation"]

1. g3 d6 2. Bg2 Nc6 3. b3 Bd7 4. Bb2 Nf6 5. c4 e5 6. Nc3 Be7 7. Nf3 O-O 8. O-O e4 9. Ne1 Ng4 10. Nxe4 Nce5 11. d4 Ng6 12. h3 Nf6 13. Nc3 Qc8 14.
Kh2 Nh5 15. e4 Bf6 16. Qxh5 Bxd4 17. Rd1 Bc5 18. Nd5 Qe8 19. Nf3 Rc8 20. Ng5 h6 21.
Qxh6 gxh6 22. Nf6+ Kg7 23. Nxe8+ Kg8 24. Nf6+ Kg7 25. Nxd7+ Kg8 26. Nf6+ Kg7 27. Nf3 Ne5 28. Nxe5 dxe5 29. Bxe5 Be7 30. Nd7+ Kg6 31. Nxf8+ Rxf8 32. Rd7 1-0

[Event "Live Chess"]
[Site "Chess.com"]
[Date "2023.05.21"]
[Round "-"]
[White "ExIsambard"]
[Black "ElectricFalcon"]
[Result "1-0"]
[WhiteElo "1901"]
[BlackElo "1080"]
[TimeControl "300"]
[EndTime "4:26:30 PDT"]
[Termination "ExIsambard won by checkmate"]

1. d4 d5 2. Nf3 Nc6 3. Bg5 Nf6 4. e3 e6 5. Bd3 Be7 6. Nbd2 O-O 7. h4 h6 8. Qe2 hxg5 9. hxg5 Nh7 10. Bxh7+ Kh8 11.
Bd3+ Kg8 12. Nh4 f6 13. g6 f5 14. Qh5 Rf6 15. Qh7+ Kf8 16. Qh8# 1-0

[Event "Live Chess"]
[Site "Chess.com"]
[Date "2023.05.21"]
[Round "-"]
[White "NAZRIZ1977"]
[Black "Long1968"]
[Result "1-0"]
[WhiteElo "1956"]
[BlackElo "960"]
[TimeControl "300"]
[EndTime "4:26:37 PDT"]
[Termination "NAZRIZ1977 won by resignation"]

1. d4 Nf6 2. Nc3 e6 3. Bf4 c5 4. e3 a6 5. d5 exd5 6. Nxd5 Nc6 7. Nf3 Nxd5 8. Qxd5 Be7 9. O-O-O O-O 10. a3 d6 11. Bd3 Be6 12. Qh5 g6 13. Qh6 Bf6 14. Bg5 Bg7 15. Qh4 f6 16. Bh6 g5 17. Bxg5 h6 18.
Bxh6 Kf7 19. Bxg7 Rg8 20. Bh6 Rh8 21. Qh5+ Ke7 22. Qg6 Bf7 23. Qe4+ Ne5 24. Nxe5 Rxh6 25. Nc6+ 1-0

[Event "Live Chess"]
[Site "Chess.com"]
[Date "2023.05.21"]
[Round "-"]
[White "peter-785"]
[Black "defenderalist"]
[Result "0-1"]
[WhiteElo "1186"]
[BlackElo "1652"]
[TimeControl "300"]
[EndTime "4:26:49 PDT"]
[Termination "defenderalist won by resignation"]

1. e4 e5 2. Nf3 Nc6 3. Bc4 Nf6 4. Nc3 Bc5 5. O-O d6 6. d3 a6 7. Ne2 Bg4 8. h3 Bxf3 9. gxf3 Nh5 10. f4 exf4 11.
Nxf4 Nxf4 12. Kh2 Qh4 13. Qg4 Qxg4 14. hxg4 Ng6 15. f3 O-O 16. Kg2 Nge5 17. Bb3 Nd4 18. c3 Nxb3 19. axb3 Nxd3 20. b4 Nxc1 21. Raxc1 Bb6 22.
Rcd1 g6 23. Rfe1 f5 24. exf5 gxf5 25. gxf5 Rxf5 26. Re7 Raf8 27. Rh1 R5f7 28. Rxf7 Rxf7 29. Rh3 Rg7+ 30. Kf1 Kf7 31. Ke2 Rg2+ 32. Kd3 Kg6 33. Ke4 Rxb2 34. f4 Re2+ 35. Kf3 Re3+ 36. Kg4 Rxh3 37.
Kxh3 Kf5 38. Kg3 h5 0-1

[Event "Live Chess"]
[Site "Chess.com"]
[Date "2023.05.21"]
[Round "-"]
[White "Tiltador"]
[Black "JoeyCage"]
[Result "0-1"]
[WhiteElo "808"]
[BlackElo "2290"]
[TimeControl "300"]
[EndTime "4:26:49 PDT"]
[Termination "JoeyCage won by checkmate"]

1. f4 d5 2. Nf3 a6 3. g3 c5 4. Bg2 Nc6 5. O-O Nf6 6. e3 h5 7. Qe1 Bf5 8. d3 Nb4 9. Qf2 Qb6 10. a3 Nc6 11. Nc3 e6 12. Ne5 Bd6 13. Nxc6 Qxc6 14. e4 dxe4 15. Bxe4 Nxe4 16. Nxe4 Bxe4 17.
dxe4 Qxe4 18. Qe3 Qxe3+ 19. Bxe3 O-O-O 20. c3 Be7 21. b4 Rd3 22. Rfe1 Rxc3 23. Bxc5 Bxc5+ 24. bxc5 Rxc5 25. Rac1 Rxc1 26. Rxc1+ Kb8 27. Kg2 Rc8 28. Rd1 Kc7 29. h4 b5 30. Kh3 a5 31.
Rd3 Rb8 32. g4 hxg4+ 33. Kxg4 b4 34. axb4 axb4 35. Rb3 Rb5 36. h5 Kd7 37. Rd3+ Ke7 38. Kh4 b3 39. Rd1 b2 40. Rb1 Kf6 41. Kg3 Kf5 42. Kf3 Rb3+ 43. Ke2 Kxf4 44. Kd2 Kg5 45. Kc2 Rb7 46. Rxb2 Rxb2+ 47. Kxb2 Kxh5 48. Kc2 Kg4 49.
Kd2 Kf3 50. Ke1 Kg2 51. Ke2 g5 52. Ke3 g4 53. Kf4 g3 54. Kg4 Kf2 55. Kh3 g2 56. Kh2 g1=Q+ 57. Kh3 Qg3# 0-1

[Event "Live Chess"]
[Site "Chess.com"]
[Date "2023.05.21"]
[Round "-"]
[White "ItsNot_Jasper"]
[Black "LiamBellwood"]
[Result "0-1"]
[WhiteElo "1391"]
[BlackElo "1901"]
[TimeControl "300"]
[EndTime "4:26:52 PDT"]
[Termination "LiamBellwood won by resignation"]

1. c4 e6 2. d4 f5 3. Nc3 Nf6 4. Nf3 Bb4 5. Bg5 Bxc3+ 6. bxc3 h6 7. Bxf6 Qxf6 8. e3 O-O 9. Bd3 b6 10. O-O Bb7 11. h3 d6 12. Qb3 Kh8 13. Be2 e5 14.
Nd2 f4 15. Bf3 Bxf3 16. Nxf3 e4 17. Nd2 f3 18. Nxe4 Qg6 19. Ng3 h5 20. h4 Qg4 21.
gxf3 Rxf3 22. Qb5 g6 23. Qe8+ Kg7 24. Qe7+ Kh6 25. Qg5+ Qxg5 26. hxg5+ Kxg5 27. Ne4+ Kf5 28. Nd2 Rh3 29. Kg2 Rh4 30. f4 Rg4+ 31. Kh3 Nd7 32. Rg1 Nf6 33. a4 Re8 34. Rxg4 hxg4+ 35. Kg2 Rxe3 36.
Rc1 Re2+ 0-1

[Event "Live Chess"]
[Site "Chess.com"]
[Date "2023.05.21"]
[Round "-"]
[White "FlyingChessKestrel13"]
[Black "Crowded_House"]
[Result "1-0"]
[WhiteElo "2085"]
[BlackElo "1649"]
[TimeControl "300"]
[EndTime "4:26:57 PDT"]
[Termination "FlyingChessKestrel13 won by resignation"]

1. e4 e6 2. d4 d5 3. exd5 exd5 4. c4 c6 5. Nc3 Bb4 6. Bd3 Ne7 7. Ne2 f6 8. O-O O-O 9. Nf4 Re8 10. cxd5 Bxc3 11.
bxc3 Nxd5 12. Qh5 Nxf4 13. Qxh7+ Kf8 14. Bxf4 Be6 15. Bg6 Re7 16. Qh8+ Bg8 17. Rfe1 Nd7 18. Bd6 1-0

[Event "Live Chess"]
[Site "Chess.com"]
[Date "2023.05.21"]
[Round "-"]
[White "Goblinbasher"]
[Black "HoarseyHorsey"]
[Result "0-1"]
[WhiteElo "1225"]
[BlackElo "1455"]
[TimeControl "300"]
[EndTime "4:27:17 PDT"]
[Termination "HoarseyHorsey won by resignation"]

1. e4 c5 2. Nc3 Nc6 3. f4 g6 4.
Nf3 Bg7 5. d3 e6 6. Be2 Nge7 7.
O-O O-O 8. Qe1 a6 9. a3 b5 10.
Qg3 Qc7 11. Qh3 f6 12. f5 exf5 13. exf5 Nxf5 14. Ne4 d6 15. Bf4 Ne5 16. Nxe5 dxe5 17. Be3 Nd4 18. Qg3 Nxe2+ 0-1

[Event "Live Chess"]
[Site "Chess.com"]
[Date "2023.05.21"]
[Round "-"]
[White "Brooms1989"]
[Black "NomisY"]
[Result "0-1"]
[WhiteElo "1140"]
[BlackElo "1553"]
[TimeControl "300"]
[EndTime "4:27:22 PDT"]
[Termination "NomisY won by resignation"]

1. e4 c6 2. d4 d5 3. f3 e6 4. Bd3 c5 5. dxc5 Bxc5 6. Ne2 dxe4 7. Bxe4 Qxd1+ 8. Kxd1 Nf6 9. Nbc3 O-O 10. Bg5 Nxe4 11. Nxe4 Bb6 12. Kd2 f6 13. Be3 Rd8+ 14. Ke1 Bxe3 15.
N2c3 Nc6 16. Ke2 Bb6 17. Rad1 Nd4+ 18. Kf1 e5 19. h4 Be6 20. b3 Nxc2 21. Rxd8+ Rxd8 22. h5 Ne3+ 23. Ke2 Nxg2 24. h6 Nf4+ 25. Kf1 Rd3 26.
hxg7 Kxg7 27. Rg1+ Bxg1 28. Kxg1 Rxf3 0-1

[Event "Live Chess"]
[Site "Chess.com"]
[Date "2023.05.21"]
[Round "-"]
[White "RoaringKnights"]
[Black "yeetpizza74"]
[Result "1-0"]
[WhiteElo "1077"]
[BlackElo "501"]
[TimeControl "300"]
[EndTime "4:27:27 PDT"]
[Termination "RoaringKnights won by checkmate"]

1. e4 c6 2. Bc4 d5 3. exd5 cxd5 4. Bb5+ Bd7 5. Bxd7+ Nxd7 6. d3 e5 7. Nf3 Ngf6 8. Qe2 Bd6 9. d4 O-O 10. dxe5 Bxe5 11.
Nxe5 Re8 12. Bf4 Ng4 13. Qxg4 Nxe5 14. Bxe5 Rxe5+ 15. Kf1 Qe8 16. Nc3 Qe7 17. g3 d4 18.
Qxd4 Rd8 19. Qh4 Qd7 20. Rd1 Qxd1+ 21. Nxd1 Rxd1+ 22. Kg2 Ree1 23. Rxe1 Rxe1 24. Qd8+ Re8 25. Qxe8# 1-0

[Event "Live Chess"]
[Site "Chess.com"]
[Date "2023.05.21"]
[Round "-"]
[White "GwaryTek"]
[Black "Sha_25"]
[Result "1-0"]
[WhiteElo "2065"]
[BlackElo "1148"]
[TimeControl "300"]
[EndTime "4:27:32 PDT"]
[Termination "GwaryTek won on time"]

1. d4 Nf6 2. c4 g6 3. Nc3 Bg7 4.
e4 d6 5. Nge2 O-O 6. Ng3 c6 7. Be2 a5 8. O-O Na6 9. Be3 e5 10. d5 cxd5 11. cxd5 Bd7 12. Qd2 Ng4 13. Bxg4 Bxg4 14. f3 Bd7 15. Kh1 f5 16. exf5 Bxf5 17. Rad1 Nc7 18. Bb6 Qd7 19. a4 Ra6 20. Be3 b5 21. axb5 Nxb5 22. Nce4 Rc8 23. Qe2 Raa8 24. Rc1 Rc7 25. Rxc7 Nxc7 26. Rc1 Nxd5 27. Qc4 Be6 28. Ng5 Rc8 29. Qxc8+ Qxc8 30. Rxc8+ Bxc8 31. Bd2 h6 32. N5e4 Ne7 33. Nxd6 e4 34. Ngxe4 Bxb2 35. Bxa5 Be6 36. Kg1 Nd5 37. Kf2 Bd4+ 38. Kf1 Bd7 39. Bd2 Be3 40. Ke2 Bxd2 41. Kxd2 Nf4 42. g3 Ne6 43. Ke3 Kg7 44.
h4 Bc6 45. Nc4 1-0

[Event "Live Chess"]
[Site "Chess.com"]
[Date "2023.05.21"]
[Round "-"]
[White "Prijmak"]
[Black "CeladonFish"]
[Result "1/2-1/2"]
[WhiteElo "1051"]
[BlackElo "1096"]
[TimeControl "300"]
[EndTime "4:27:34 PDT"]
[Termination "Game drawn - timeout vs insufficient material"]

1. e4 d6 2. d4 Nf6 3. Nc3 g6 4.
Nf3 Bg7 5. Bc4 Nxe4 6. Nxe4 d5 7. Bb5+ c6 8. Bxc6+ Nxc6 9. Ng3 Bg4 10. c3 e5 11. h3 Bxf3 12. Qxf3 exd4 13. O-O dxc3 14. Re1+ Ne7 15. Rb1 cxb2 16. Bxb2 Bxb2 17. Rxb2 O-O 18. Rxb7 Re8 19. Qf6 Kf8 20. Qh8+ Ng8 21.
Rxe8+ Qxe8 22. Qxh7 d4 23. Qh4 d3 24. Qb4+ Kg7 25. Ne4 Rd8 26. Qc3+ Kf8 27. Qc5+ Kg7 28. Qc3+ Kf8 29. Qc5+ Ne7 30. Nd2 Rd7 31. Rxd7 Qxd7 32. Qe5 Ng8 33. Qb8+ Kg7 34. Qe5+ f6 35. Qe3 Ne7 36. a3 Nf5 37. Qe4 Nd4 38. Qe3 Qe6 39.
Qxe6 Nxe6 40. f3 f5 41. Kf2 Kf6 42. Ke3 Nc5 43. Kd4 Ne6+ 44. Kxd3 Nf4+ 45. Ke3 Nxg2+ 46. Kf2 Nf4 47. Kg3 g5 48. h4 Kg6 49. hxg5 Kxg5 50.
a4 Ne2+ 51. Kf2 Nc3 52. a5 Nd5 53. Kg3 f4+ 54. Kf2 Kf5 55. Ne4 Nc7 56. Nd6+ Ke5 57. Nc8 a6 58. Nb6 Kf5 59. Nc4 Kg5 60. Ke2 Kf5 61.
Kd3 Kg5 62. Nd6 Kh4 63. Ke4 Kg3 64. Nf5+ Kf2 65. Kxf4 Nd5+ 66. Ke5 Nc3 67. f4 Na4 68. Nd4 Nc5 69. Nc6 Kg3 70. f5 Kg4 71. f6 Nd7+ 72. Ke6 Nxf6 73. Kxf6 Kf4 74. Nb4 Ke4 75. Nxa6 Kd4 76.
Nc7 Kc4 77. a6 Kc5 78. a7 Kb6 79. a8=Q Kxc7 80. Qd5 Kb6 81. Qd6+ Ka7 82. Qd7+ Ka6 1/2-1/2

[Event "Live Chess"]
[Site "Chess.com"]
[Date "2023.05.21"]
[Round "-"]
[White "WilliWeisswurst"]
[Black "viktorskliarov"]
[Result "0-1"]
[WhiteElo "1775"]
[BlackElo "2653"]
[TimeControl "300"]
[EndTime "4:27:35 PDT"]
[Termination "viktorskliarov won on time"]

1. e4 c5 2. Nf3 Nc6 3. d4 cxd4 4. Nxd4 g6 5. Nc3 Bg7 6. Be3 Nf6 7. Bc4 O-O 8. O-O d6 9. h3 Bd7 10. a3 Rc8 11.
Bb3 Na5 12. f4 Nxb3 13. cxb3 a6 14. f5 Bc6 15. fxg6 hxg6 16. Nxc6 Rxc6 17. Qf3 Qa5 18. b4 Qh5 19. g4 Qe5 20. Rad1 Qe6 21. Rfe1 Nd7 22. Nd5 Ne5 23. Qg3 Rfc8 24. Bg5 Bf8 25. h4 f6 26. Bxf6 exf6 27. Rf1 Bg7 28. g5 fxg5 29.
Qxg5 Qg4+ 30. Qxg4 Nxg4 31. Ne7+ Kh7 32. Nxc8 Rxc8 33.
Rf7 Kg8 34. Rxb7 Be5 35. Rf1 Nf6 36. Kg2 Bxb2 37. a4 Be5 38. Kf3 Rc3+ 39. Ke2 Ra3 40. a5 Nxe4 41. Rff7 Nc3+ 42. Kd2 Nd5 43. Kc1 Rc3+ 44.
Kb1 Rc4 45. Rfd7 Rxb4+ 46. Rxb4 Nxb4 47. Rb7 Nc6 48. Rb6 Nxa5 49. Rxa6 Nc4 0-1